AoeStats
← Vortex10000

Black Forest

504375118Analyzed
4v4 RM · 27d ago on Sep 5, 2026· 82m 46s· 8 players
Game mode
Random Map
Map size
Large (8 player)
Population
200
Speed
Normal
Resources
Standard
Victory
Conquest
Starting age
Dark Age
Ending age
Imperial Age
RankedLock teamsTeams togetherTeam positionsShared explorationLock speedFull tech treeHidden civsTurbo modeCheats
Victory
Defeat
🇺🇸 Britons · United States
937
+18
🇺🇸 Persians · United States
903
+19
🇺🇸 Mapuche · United States
882
+20
🇺🇸 Ethiopians · United States
858
+21
🇺🇸 Shu · United States
1021
-21
🇵🇪 Franks · Peru
999
-21
🇨🇱 Bohemians · Chile
961
-19
🇲🇽 Bohemians · Mexico
920
-17
江培騰
0:44 Loom
19:23 Feudal Age
19:49 Double-Bit Axe
20:51 Horse Collar
22:13 Stone Mining
24:23 Wheelbarrow
23:34 Town Watch
24:17 Gold Mining
30:26 Castle Age
32:24 Gold Shaft Mining
32:04 Bow Saw
33:40 Heavy Plow
35:40 Fortified Wall
35:48 Hand Cart
41:20 Imperial Age
41:24 Onager
42:21 Siege Engineers
44:55 Chemistry
46:19 Two-Man Saw
47:45 Torsion Engines
61:27 Caravan
Iceman7
0:28 Loom
12:25 Feudal Age
13:34 Double-Bit Axe
14:48 Horse Collar
15:00 Gold Mining
20:28 Castle Age
18:41 Stone Mining
20:07 Forging
22:37 Stone Shaft Mining
22:14 Bow Saw
22:07 Heavy Plow
22:45 Gold Shaft Mining
30:41 Fletching
31:27 Iron Casting
31:45 Wheelbarrow
35:32 Imperial Age
33:57 Hand Cart
34:18 Malon
35:16 Bodkin Arrow
35:32 Town Watch
36:23 Town Patrol
37:50 Crop Rotation
38:30 Butalmapu
39:25 Elite Bolas Rider
41:42 Blast Furnace
40:43 Padded Archer Armor
42:14 Conscription
43:02 Elite Kona
44:19 Hoardings
45:13 Leather Archer Armor
46:43 Ring Archer Armor
64:25 Caravan
68:08 Chemistry
67:13 Siege Engineers
67:29 Ballistics
80:02 Masonry
Vortex10000
0:25 Loom
11:58 Feudal Age
14:28 Wheelbarrow
16:32 Stone Mining
19:45 Bloodlines
21:50 Gold Mining
25:11 Horse Collar
32:52 Castle Age
33:47 Hand Cart
37:56 Caravan
38:21 Heavy Plow
38:09 Double-Bit Axe
39:12 Stone Shaft Mining
39:15 Gold Shaft Mining
39:07 Masonry
40:52 Husbandry
41:02 Scale Barding Armor
41:08 Forging
40:49 Fletching
45:10 Imperial Age
43:09 Chain Barding Armor
47:14 Conscription
49:36 Plate Barding Armor
49:03 Scale Mail Armor
49:41 Iron Casting
49:01 Bodkin Arrow
48:52 Elite War Elephant
53:29 Blast Furnace
57:16 Citadels
64:23 Bow Saw
64:46 Crop Rotation
66:51 Town Watch
67:59 Guilds
76:16 Town Patrol
pdj42
0:27 Loom
13:09 Feudal Age
13:48 Horse Collar
13:57 Double-Bit Axe
14:06 Gold Mining
17:39 Stone Mining
20:53 Fletching
21:17 Forging
22:44 Wheelbarrow
21:54 Town Watch
23:25 Fletching
23:36 Padded Archer Armor
26:22 Town Watch
29:06 Castle Age
27:58 Man-at-Arms
28:25 Arson
28:43 Scale Mail Armor
28:48 Scale Barding Armor
30:00 Bodkin Arrow
30:22 Leather Archer Armor
29:33 Elite Skirmisher
31:51 Gold Shaft Mining
34:03 Bow Saw
39:01 Imperial Age
38:23 Heavy Plow
38:09 Pikeman
38:50 Squires
38:37 Gambesons
38:15 Crossbowman
39:26 Ballistics
39:03 Murder Holes
41:28 Conscription
41:50 Caravan
41:32 Sappers
42:37 Hoardings
43:52 Yeomen
44:02 Hand Cart
43:47 Town Patrol
45:38 Coinage
46:10 Warwolf
46:01 Elite Longbowman
48:50 Bracer
49:20 Ring Archer Armor
49:28 Iron Casting
49:43 Halberdier
52:54 Two-Man Saw
53:07 Chemistry
51:53 Arrowslits
52:18 Fortified Wall
52:19 Masonry
52:15 Siege Engineers
52:00 Heated Shot
52:02 Guard Tower
53:15 Blast Furnace
56:12 Chain Mail Armor
56:18 Chain Barding Armor
57:03 Banking
59:25 Architecture
58:36 Treadmill Crane
59:33 Keep
60:08 Plate Mail Armor
60:13 Plate Barding Armor
59:01 Long Swordsman
59:03 Arbalester
59:05 Heavy Cavalry Archer
75:04 Two-Handed Swordsman
75:57 Husbandry
MOROCHO
11:04 Feudal Age
11:37 Feudal Age
12:40 Town Watch
16:22 Castle Age
16:28 Double-Bit Axe
21:14 Bow Saw
25:35 Ballistics
28:10 Wheelbarrow
28:06 Loom
33:14 Imperial Age
34:11 Hand Cart
35:06 Chemistry
36:36 Houfnice
41:48 Town Patrol
43:57 Elite Hussite Wagon
57:43 Elite Skirmisher
58:15 Fletching
58:26 Padded Archer Armor
61:02 Conscription
61:01 Bodkin Arrow
62:29 Bracer
69:27 Wagenburg Tactics
Shaggy
9:34 Loom
11:33 Feudal Age
16:57 Double-Bit Axe
19:53 Castle Age
19:43 Forging
19:34 Scale Mail Armor
22:29 Wheelbarrow
23:32 Horse Collar
33:15 Imperial Age
31:59 Hand Cart
32:08 Hand Cart
32:52 Heavy Plow
33:08 Bow Saw
33:59 Ballistics
34:40 Chemistry
34:43 Wagenburg Tactics
34:06 Elite Hussite Wagon
35:03 Siphons
35:18 Pikeman
37:26 Halberdier
40:24 Squires
40:15 Arson
41:32 Caravan
42:04 Onager
43:26 Houfnice
57:48 Padded Archer Armor
57:39 Fletching
59:24 Two-Man Saw
58:17 Crossbowman
59:45 Arbalester
69:30 Bodkin Arrow
69:51 Leather Archer Armor
70:13 Iron Casting
69:54 Chain Mail Armor
69:45 Scale Barding Armor
70:09 Fortified Wall
Punisher85
11:30 Feudal Age
9:47 Loom
13:08 Double-Bit Axe
18:58 Castle Age
17:33 Padded Archer Armor
17:25 Fletching
20:02 Leather Archer Armor
20:00 Crossbowman
22:59 Bodkin Arrow
26:00 Ballistics
27:07 Bow Saw
28:15 Gold Mining
30:34 Wheelbarrow
30:49 Thumb Ring
32:47 Gold Shaft Mining
35:19 Imperial Age
33:08 Hand Cart
35:03 Stone Mining
35:55 Arbalester
38:44 Chemistry
38:18 Ring Archer Armor
41:49 Bracer
46:12 Two-Man Saw
45:04 Town Watch
50:08 Bolt Magazine
58:52 Town Patrol
59:20 Horse Collar
63:28 Onager
71:23 Pikeman
72:04 Squires
72:15 Halberdier
72:44 Arson
74:35 Heavy Plow
74:58 Scale Mail Armor
75:09 Forging
nofear090689
2:39 Loom
11:14 Feudal Age
12:14 Man-at-Arms
14:29 Forging
17:30 Scale Barding Armor
18:48 Fletching
23:48 Castle Age
23:48 Double-Bit Axe
26:08 Gold Mining
28:55 Bow Saw
30:30 Bodkin Arrow
30:52 Husbandry
35:39 Wheelbarrow
39:04 Imperial Age
37:16 Chain Barding Armor
39:46 Iron Casting
39:13 Cavalier
43:56 Chemistry
43:10 Onager
46:25 Ballistics
46:49 Paladin
51:01 Plate Barding Armor
51:51 Caravan
53:30 Heavy Scorpion
55:51 Blast Furnace
60:48 Padded Archer Armor
62:44 Leather Archer Armor
63:25 Coinage
66:33 Siege Engineers
75:10 Scale Mail Armor
76:58 Light Cavalry
Connection lost

Rejoining the realm…

Still unreachable

The connection could not be restored.

Session expired

The server has moved on; the page needs a fresh start.